 Dungeon Crawl Stone Soup version 0.19.0-16-g73b5abf (webtiles) character file.

305 Ladykiller69 the Shield-Bearer (level 6, -17/48 HPs)
             Began as a Formicid Fighter on Nov 10, 2016.
             Demolished by an ogre
             ... wielding a +0 giant spiked club
              (18 damage)
             ... on level 4 of the Dungeon.
             The game lasted 00:06:36 (2950 turns).

Ladykiller69 the Shield-Bearer (Formicid Fighter)   Turns: 2950, Time: 00:06:37

Health: -17/48     AC:  8    Str: 21    XL:     6   Next: 66%
Magic:  6/6        EV:  8    Int:  9    God:
Gold:   147        SH: 10    Dex: 10    Spells: 0 memorised, 5 levels left

rFire  . . .     SeeInvis +     a - +0 war axe
rCold  . . .     Gourm    .     b - +0 scale mail
rNeg   . . .     Faith    .     c - +0 shield
rPois  .         Spirit   .     (helmet unavailable)
rElec  .         Reflect  .     (no cloak)
rCorr  .         Harm     .     z - +0 pair of gloves
MR     .....                    (no boots)
Stlth  ..........               (no amulet)
                                (no ring)
                                (no ring)

@: no status effects
A: permanent stasis, dig shafts and tunnels, four strong arms, antennae 3
a: Dig, Shaft Self


You were on level 4 of the Dungeon.
You were hungry.

You visited 1 branch of the dungeon, and saw 4 of its levels.

You collected 212 gold pieces.
You spent 65 gold pieces at shops.

Inventory:

Hand Weapons
 a - a +0 war axe (weapon)
Missiles
 e - 92 stones (quivered)
Armour
 b - a +0 scale mail (worn)
 c - a +0 shield (worn)
 z - a +0 pair of gloves (worn)
Jewellery
 h - an uncursed ring of ice {unknown}
Wands
 v - a wand of paralysis (7/24)
Scrolls
 i - 4 scrolls of identify {unknown}
 j - a scroll of noise {unknown}
 k - a scroll of fear {unknown}
 n - a scroll of enchant weapon {unknown}
 o - a scroll of recharging {unknown}
 r - a scroll of teleportation {unknown}
 x - a scroll of enchant armour {unknown}
 y - a scroll of fog {unknown}
 B - a scroll of magic mapping {unknown}
 C - a scroll of random uselessness {unknown}
 E - a scroll of remove curse {unknown}
Potions
 d - 2 potions of might
 g - 3 potions of heal wounds
 m - 2 potions of mutation {unknown}
 p - 3 potions of curing {unknown}
 s - a potion of magic {unknown}
 t - a potion of berserk rage {unknown}
 w - a potion of ambrosia {unknown}
 A - 2 potions of agility {unknown}
 F - a potion of brilliance {unknown}
Comestibles
 f - 7 bread rations
 l - 3 beef jerkies
 q - 2 fruits
 u - 3 meat rations
 D - a royal jelly


   Skills:
 + Level 4.2 Fighting
 * Level 4.3 Axes
 + Level 4.6 Armour
 + Level 4.9 Shields


You had 5 spell levels left.
You didn't know any spells.

Dungeon Overview and Level Annotations

Branches:
Dungeon (4/15)
 Temple: D:4-7

Altars:
Fedhas
Gozag
The Shining One

Shops:
D:4 *


Innate Abilities, Weirdness & Mutations

You are under a permanent stasis effect.
You can dig through walls and to a lower floor.
Your four strong arms can wield two-handed weapons with a shield.
You have a pair of large antennae on your head. (SInv)


Message History

The ogre is severely wounded.
The ogre hits you with a giant spiked club.
* * * LOW HITPOINT WARNING * * *
You slash the ogre!
The ogre is almost dead.
The ogre closely misses you.
You completely miss the ogre.
The ogre is almost dead.
The ogre barely misses you.
You barely miss the ogre.
The ogre is almost dead.
The ogre hits you with a giant spiked club!
* * * LOW HITPOINT WARNING * * *
You hit the ogre.
The ogre is almost dead.
The ogre barely misses you.
You barely miss the ogre.
The ogre is almost dead.
The ogre hits you with a giant spiked club!!
You die...

#...####+###......#...........
#...##....##......#.......####
#...'.....#.......#.......'...
#...#.....##......#.......#...
#...#.....######+##.......#...
#...#......'......#.......#...
#...##....##......#.......#...
#...##....##......#.......#...
#.........###@#####.......#..<
#.........##O...#........##...
#.........#.....#........#....
#...##....##....#........+....
#...####'###....#........#....
#.........#.....#........#....
#.........#.....#........#....
#.........###'###........#....
#.........#..............# #..


You could see an ogre.

Vanquished Creatures
  2 scorpions (D:4)
  3 worker ants (D:4)
  A hound skeleton (D:4)
  A gnoll (D:1)
  4 adders
  A worm (D:2)
  2 dart slugs
  3 leopard geckos
  5 orcs (D:3)
  7 bats
  5 giant cockroaches
  7 goblins
  4 hobgoblins
  4 jackals
  4 quokkas
  4 frilled lizards
  2 kobolds
  11 rats
70 creatures vanquished.

Notes
Turn   | Place    | Note
-------+----------+-------------------------------------------
     0 | D:1      | Ladykiller69 the Formicid Fighter began the quest for the Orb.
     0 | D:1      | Reached XP level 1. HP: 18/18 MP: 1/1
   106 | D:1      | Reached XP level 2. HP: 24/24 MP: 2/2
   379 | D:1      | Reached XP level 3. HP: 29/29 MP: 3/3
  1128 | D:2      | Reached XP level 4. HP: 35/35 MP: 4/4
  1146 | D:2      | Found an opulent altar of Gozag.
  1934 | D:3      | Found a blossoming altar of Fedhas.
  2013 | D:3      | Reached XP level 5. HP: 36/42 MP: 5/5
  2151 | D:3      | Found a glowing golden altar of the Shining One.
  2253 | D:4      | Noticed an ogre
  2523 | D:4      | Found Ahoot's General Store.
  2546 | D:4      | Bought a potion of heal wounds for 65 gold pieces
  2604 | D:4      | Reached XP level 6. HP: 37/48 MP: 6/6
  2948 | D:4      | HP: 1/48 [ogre/giant spiked club (11)]
  2950 | D:4      | Demolished by an ogre

Skill      XL: |  1  2  3  4  5 |
---------------+----------------+-----
Shields        | 4 |  4.9
Axes           | 3 4 |  4.3
Armour         | 4 |  4.6
Fighting       | 4 |  4.2

Action                   |  1- 3 |  4- 6 || total
-------------------------+-------+-------++-------
Melee: War axe           |    97 |   127 ||   224
 Abil: Dig               |       |     1 ||     1
  Eat: Chunk             |     1 |     5 ||     6
Armor: Scale mail        |    37 |    51 ||    88
Dodge: Dodged            |    40 |    41 ||    81
Block: Shield            |    42 |    69 ||   111
